 Dungeon Sprint DCSS version 0.21.1-1-g345015f (webtiles) character file.

604 nicolaieve the Cleaver (level 7, -7/72 HPs)
             Began as a Minotaur Berserker on June 14, 2018.
             Was a Believer of Trog.
             Asphyxiated
             ... in the Dungeon (Sprint I: "Red Sonja").
             The game lasted 00:02:35 (426 turns).

nicolaieve the Cleaver (Minotaur Berserker)          Turns: 426, Time: 00:02:35

Health: -7/72      AC:  2    Str: 22    XL:     7   Next: 18%
Magic:  6/6        EV: 13    Int:  4    God:    Trog [**....]
Gold:   310        SH:  0    Dex: 11    Spells: 6/6 levels left

rFire    . . .     SeeInvis .   a - +0 hand axe
rCold    . . .     Gourm    .   (no shield)
rNeg     . . .     Faith    .   b - +0 animal skin
rPois    .         Spirit   .   (helmet restricted)
rElec    .         Reflect  .   (no cloak)
rCorr    .         Harm     .   (no gloves)
MR       ++...     NoTele   +   (no boots)
Stlth    +.........             (no amulet)
HPRegen  1.22/turn              (no ring)
MPRegen  0.10/turn              (no ring)

@: lethally poisoned (-7 -> -25), berserk cooldown, regenerating, slowed, very
slow
A: retaliatory headbutt, horns 2
a: Berserk, Trog's Hand, Burn Spellbooks, Renounce Religion


You were in the Dungeon.
You worshipped Trog.
Trog was pleased with you.
You were hungry.

You visited 1 branch You collected 310 gold pieces.

Inventory:

Hand Weapons
 a - a +0 hand axe (weapon)
Armour
 b - a +0 animal skin (worn)
Scrolls
 i - a scroll of blinking
 j - a scroll of remove curse {unknown}
Potions
 d - a potion of curing
 e - a potion of heal wounds
 f - a potion of haste
 g - 2 potions of magic
 h - a potion of berserk rage
Comestibles
 c - a ration
 k - 6 chunks of flesh


   Skills:
 - Level 10.0 Fighting
 * Level 14.5 Axes
 + Level 6.0 Armour
 - Level 3.1 Dodging


You had 6 spell levels left.
You didn't know any spells.

Dungeon Overview and Level Annotations

Branches:
Dungeon (1/1)

Altars:
Cheibriados
Dithmenos
Elyvilon
Fedhas
Gozag
Hepliaklqana
Kikubaaqudgha
Makhleb
Nemelex Xobeh
Okawaru
Qazlal
Ru
Sif Muna
Trog
Uskayaw
Vehumet
Wu Jian
Xom
Yredelemnul
Zin
The Shining One
Jiyva
Lugonu

Shops:
D ?

Annotations:
D Sonja


Innate Abilities, Weirdness & Mutations

You reflexively headbutt those who attack you in melee.
You have a pair of horns on your head.


Message History

You are feeling hungry.
You feel sick.
Sonja shoots a curare-tipped needle.
The curare-tipped needle hits you.
You are more poisoned.
You have difficulty breathing.
* * * LOW HITPOINT WARNING * * *
You feel as though you will be slow longer.
Sonja shoots a curare-tipped needle.
The curare-tipped needle closely misses you.
Unknown command.
You feel very sick.
Sonja shoots a curare-tipped needle.
The curare-tipped needle hits you.
You are lethally poisoned!
You have difficulty breathing.
* * * LOW HITPOINT WARNING * * *
You feel as though you will be slow longer.
Sonja shoots a curare-tipped needle.
The curare-tipped needle hits you.
You are more poisoned.
You have difficulty breathing.
You die...

#..').#..').#..'^.+
#..#####'#####'#__#
#..####..#...#.####
#..#__####..##.#
#..#_____##'#_.+
#⌠⌠#_.∩...÷K(._#
####_..__##_.#+#
#_____###'#
#########@##


+$($+ #$§(# ##.## #+# You could see Sonja.

Vanquished Creatures
  A slime creature (D)
  Sigmund (D)
  A yak (D)
  An ogre (D)
  A jelly (D)
  Ijyb (D)
6 creatures vanquished.

Notes
Turn   | Place    | Note
-------+----------+-------------------------------------------
     0 | D        | nicolaieve the Minotaur Berserker began the quest for the Orb.
     0 | D        | Reached XP level 1. HP: 19/19 MP: 0/0
     1 | D        | Noticed Ijyb
    15 | D        | Killed Ijyb
    15 | D        | Reached skill level 5 in Fighting
    15 | D        | Reached skill level 5 in Axes
    15 | D        | Reached XP level 2. HP: 29/29 MP: 1/1
    22 | D        | Noticed an ogre
    28 | D        | Killed an ogre
    28 | D        | Reached skill level 8 in Axes
    28 | D        | Reached XP level 3. HP: 15/39 MP: 2/2
    28 | D        | Reached XP level 4. HP: 18/47 MP: 3/3
    35 | D        | Noticed Sigmund
    39 | D        | Killed Sigmund
    39 | D        | Reached ** piety under Trog
    39 | D        | Reached skill level 11 in Axes
    39 | D        | Reached skill level 5 in Armour
    39 | D        | Reached XP level 5. HP: 25/57 MP: 4/4
    39 | D        | Reached XP level 6. HP: 28/63 MP: 5/5
    71 | D        | Found a burning altar of Makhleb.
    71 | D        | Found a viscous altar of Jiyva.
    71 | D        | Found a shimmering altar of Xom.
    71 | D        | Found a corrupted altar of Lugonu.
    71 | D        | Noticed a slime creature
    81 | D        | Killed a slime creature
    81 | D        | Reached skill level 10 in Fighting
    81 | D        | Reached skill level 13 in Axes
   239 | D        | Found an ornate altar of the Wu Jian Council.
   239 | D        | Found a deep blue altar of Sif Muna.
   241 | D        | Found a radiant altar of Vehumet.
   401 | D        | Found Wayhuw's Magic Scroll Emporium.
   401 | D        | Found an ancient bone altar of Kikubaaqudgha.
   401 | D        | Found a hazy altar of Hepliaklqana.
   401 | D        | Found a stormy altar of Qazlal.
   401 | D        | Found a hide-covered altar of Uskayaw.
   401 | D        | Found a blossoming altar of Fedhas.
   401 | D        | Found a bloodstained altar of Trog.
   401 | D        | Found an iron altar of Okawaru.
   401 | D        | Found a basalt altar of Yredelemnul.
   401 | D        | Found a glowing golden altar of the Shining One.
   401 | D        | Found a snail-covered altar of Cheibriados.
   401 | D        | Found a sacrificial altar of Ru.
   401 | D        | Found a glowing silver altar of Zin.
   401 | D        | Found a shadowy altar of Dithmenos.
   401 | D        | Found a white marble altar of Elyvilon.
   401 | D        | Noticed a yak
   404 | D        | Killed a yak
   404 | D        | Reached *** piety under Trog
   404 | D        | Reached skill level 14 in Axes
   404 | D        | Reached XP level 7. HP: 72/72 MP: 6/6
   405 | D        | Found an opulent altar of Gozag.
   408 | D        | Found a sparkling altar of Nemelex Xobeh.
   419 | D        | Noticed Sonja
   426 | D        | HP: 2/72 [asphyx]
   426 | D        | Asphyxiated

Skill      XL: |  1  2  3  4  5  6 |
---------------+-------------------+-----
Fighting       | 5 7 9 10 | 10.0
Axes           | 5 8 11 14 | 14.5
Armour         | 3 4 5 6 |  6.0
Dodging        | 3 |  3.1

Action                   |  1- 3 |  4- 6 |  7- 9 || total
-------------------------+-------+-------+-------++-------
Melee: Hand axe          |    18 |    18 |     2 ||    38
       Headbutt          |     3 |     9 |       ||    12
Invok: Berserk           |     1 |     1 |       ||     2
       Trog's Hand       |       |       |     1 ||     1
 Stab: Sleeping          |       |     1 |       ||     1
Armor: Animal skin       |       |     1 |       ||     1
Dodge: Dodged            |    12 |     8 |     8 ||    28
